Map: Junção Kairos LE

Players

Vicster

  • Race: Terran Terran
  • League: Gold
  • Spawn Location: 5:00

celiokan - Winner!

  • Race: Protoss Protoss
  • League: Gold
  • Spawn Location: 11:00

VOD

Have the link to the VOD?

Description

Time

  • Played on: Jan. 9, 2019, 4 p.m.
  • Length: 21:21
Show
View Real Time Build Order
Export as new Build Order

Vicster Terran 

Build Orders:  

Get SALT Encoding   

  12  0:01  SCV  
  13  0:13  SCV  
  14  0:19  Supply Depot  
  14  0:25  SCV  
  15  0:40  SCV  
  16  0:44  Barracks  
  16  0:52  SCV  
  17  1:04  SCV  
  17  1:05  Refinery  
  17  1:11  Refinery  
  18  1:17  SCV  
  19  1:30  Orbital Command  
  19  1:47  Command Center  
  19  1:50  Barracks Tech Lab  
  19  1:56  SCV  
  20  2:08  SCV, Supply Depot  
  21  2:17  Factory  
  21  2:20  SCV  
  22  2:32  SCV  
  23  2:43  Supply Depot  
  23  2:44  SCV  
  23  2:45  Barracks Reactor  
  24  2:56  SCV  
  25  3:03  Starport  
  25  3:08  Orbital Command  
  25  3:14  SCV  
  26  3:21  Cyclone  
  26  3:22  Marine x2  
  31  3:31  SCV  
  31  3:33  SCV  
  33  3:36  Barracks  
  33  3:41  Starport Reactor  
  33  3:44  SCV, Starport Tech Lab  
  33  3:46  SCV  
  33  3:47  Marine x2  
  40  3:55  Cyclone  
  40  3:56  SCV  
  40  3:58  SCV  
  42  4:05  Marine  
  42  4:06  Raven  
  42  4:08  SCV  
  46  4:10  SCV  
  47  4:20  SCV  
  47  4:21  Marine  
  47  4:22  SCV  
  47  4:23  Marine  
  51  4:24  Barracks Tech Lab  
  51  4:27  Cyclone  
  51  4:28  Barracks  
  54  4:35  Refinery  
  54  4:39  Refinery  
  54  4:45  Supply Depot  
  54  4:47  Stimpack  
  54  5:07  Marine x3, SCV x2, Cyclone  
  54  5:10  Supply Depot  
  62  5:14  Supply Depot  
  62  5:24  Command Center  
  62  5:32  SCV x2  
  64  5:40  Marine x2  
  64  5:41  Marine x2  
  71  5:42  Siege Tank  
  71  5:43  Medivac  
  71  5:44  SCV x2  
  75  5:56  SCV  
  76  5:58  Marine x2  
  78  6:18  Marine, Medivac  
  78  6:27  Marine  
  54  6:55  Marine x4  
  54  6:56  Siege Tank  
  54  6:57  Medivac  
  63  7:03  Orbital Command  
  63  7:04  Barracks  
  63  7:07  Barracks  
  63  7:09  Barracks  
  63  7:11  Barracks  
  63  7:12  Marine  
  63  7:13  Marine, Supply Depot  
  67  7:30  Siege Tank  
  67  7:36  Orbital Command  
  68  7:37  Supply Depot  
  68  7:41  Barracks Tech Lab  
  68  7:50  Supply Depot  
  68  7:51  Supply Depot  
  68  7:53  Supply Depot  
  68  7:56  Engineering Bay x2  
  68  7:57  SCV  
  69  8:08  Barracks  
  69  8:10  Barracks Tech Lab x2  
  69  8:12  Barracks  
  69  8:16  Siege Tank  
  69  8:18  Barracks Tech Lab  
  72  8:21  Marauder x3  
  72  8:25  Terran Infantry Weapons Level 1  
  72  8:26  Terran Infantry Armor Level 1  
  78  8:30  SCV x2  
  78  8:33  SCV  
  81  8:42  Marauder x3, SCV x2  
  81  8:45  SCV  
  90  8:54  SCV  
  90  8:55  SCV  
  92  8:57  SCV  
  92  9:01  Refinery  
  93  9:03  Marauder  
  93  9:04  Marauder  
  93  9:05  Barracks Tech Lab  
  93  9:06  SCV  
  93  9:07  Refinery, SCV, Barracks Tech Lab  
  99  9:17  Fusion Core  
  99  9:21  Armory  
  99  9:23  Command Center  
  99  9:24  Marine x2  
  99  9:25  Marine x7  
  99  9:28  Siege Tank  
  111  9:32  Medivac  
  111  9:38  SCV x3  
  115  9:42  Marine x2  
  115  9:43  Marine x7  
  125  9:50  SCV x2  
  126  10:00  Marine x2  
  126  10:01  Marine, Marauder  
  127  10:34  Supply Depot  
  127  10:35  Supply Depot  
  127  10:36  Terran Infantry Weapons Level 2, Supply Depot  
  127  10:37  Terran Infantry Armor Level 2  
  127  10:40  Terran Vehicle Weapons Level 1  
  127  10:50  Starport  
  127  10:59  Starport  
  127  11:02  Command Center  
  127  11:08  Supply Depot  
  127  11:09  Supply Depot  
  127  11:12  Supply Depot  
  127  11:14  Planetary Fortress  
  127  11:17  Refinery  
  127  11:31  Supply Depot x2  
  127  11:37  Marine  
  127  11:38  Marine x4, Marauder x3  
  127  11:39  Marauder  
  140  11:40  Siege Tank  
  145  11:52  Starport Tech Lab  
  145  11:53  Starport Tech Lab  
  145  11:55  Marine  
  145  11:56  Marine, Marauder x2, Starport  
  145  11:57  Marauder  
  145  11:59  Marine x2  
  145  12:00  Marine, Marauder  
  158  12:13  Combat Shield  
  158  12:15  Concussive Shells  
  156  12:28  Refinery  
  156  12:31  Command Center  
  156  12:34  Terran Vehicle And Ship Armor Level 1  
  156  12:37  Planetary Fortress  
  156  12:50  SCV x2  
  158  13:02  SCV x2  
  158  13:03  Ghost Academy  
  158  13:05  Starport Tech Lab  
  160  13:08  Battlecruiser x2  
  172  13:13  SCV  
  172  13:14  SCV x2  
  175  13:22  Sensor Tower  
  175  13:25  SCV  
  175  13:26  SCV  
  177  13:31  Sensor Tower  
  177  13:33  Terran Infantry Weapons Level 3  
  177  13:34  Terran Infantry Armor Level 3  
  177  13:36  Marine x2  
  177  13:37  Marauder x2  
  177  13:38  Marine  
  184  14:47  Battlecruiser  
  184  14:48  Battlecruiser  
  141  15:38  Marine x2  
  141  15:39  Marine x7  
  141  15:40  Thor  
  141  15:41  Medivac x2  
  99  15:51  Battlecruiser  
  99  15:52  Battlecruiser x2  
  99  15:56  Marine x7  
  99  15:57  Marine x2  
  126  16:08  Missile Turret  
  126  16:11  Medivac  
  126  16:14  Marine x9  
  137  16:23  Thor, SCV x4  
  147  16:31  Marine, Command Center  
  147  16:32  Marine x6  
  154  16:35  SCV x2  
  156  16:41  Liberator  
  156  16:42  Liberator  
  156  16:47  Marine  
  156  16:48  Marauder  
  156  16:49  Marine  
  156  16:50  Marine x2, Marauder x2  
  172  17:04  Refinery  
  172  17:24  Medivac  
  172  17:26  Sensor Tower  
  104  17:48  Marine x2  
  104  17:49  Marine x7  
  99  17:51  Siege Tank  
  99  17:53  Medivac x2  
  99  17:55  Battlecruiser  
  112  17:59  Terran Ship Weapons Level 1  
  109  18:06  Marine x7  
  109  18:07  Marine x2  
  112  18:21  Missile Turret  
  112  18:24  Marine  
  58  19:10  Marine  
  58  19:11  Marine x8  
  58  19:13  Thor  
  58  19:14  Viking  
  64  19:28  Marine  
  64  19:29  Marine x5  
  70  19:39  Marine x3  
  73  19:46  Marine  
  73  19:47  Marine  
  75  19:56  Thor  
  74  20:24  Command Center  
  74  20:38  Marine  
  74  20:39  Marine  
  82  20:56  Command Center  
Show
View Real Time Build Order
Export as new Build Order

celiokan Protoss - Winner!

Build Orders:  

Get SALT Encoding   

  1  0:00  Probe  
  12  0:05  Probe  
  14  0:17  Pylon  
  14  0:22  Probe  
  16  0:35  Probe  
  16  0:40  Gateway  
  16  0:47  Probe  
  16  0:49  Assimilator  
  17  0:55  Assimilator  
  17  0:56  Probe  
  18  1:04  Probe  
  19  1:22  Probe  
  20  1:28  Cybernetics Core  
  20  1:30  Pylon  
  20  1:34  Probe  
  21  1:40  Gateway  
  21  1:46  Probe  
  22  1:53  Gateway  
  22  1:56  Warp Gate  
  22  1:58  Probe  
  23  2:04  Stalker  
  25  2:30  Nexus  
  25  2:34  Probe  
  26  2:42  Stalker  
  28  2:46  Probe  
  29  2:54  Pylon  
  29  2:58  Probe  
  30  3:13  Probe  
  31  3:22  Probe, Pylon  
  31  3:25  Robotics Facility  
  32  3:31  Probe  
  33  3:35  Forge  
  33  3:39  Probe  
  33  3:44  Probe  
  33  3:47  Probe  
  36  3:56  Probe  
  36  3:57  Probe  
  36  4:01  Pylon  
  38  4:09  Photon Cannon  
  39  4:10  Probe  
  39  4:12  Probe  
  39  4:13  Photon Cannon  
  40  4:20  Probe  
  40  4:22  Observer, Probe  
  42  4:29  Assimilator  
  43  4:31  Assimilator  
  43  4:34  Probe  
  44  4:38  Pylon  
  44  4:46  Probe, Immortal, Twilight Council  
  49  4:54  Probe  
  50  5:03  Probe  
  50  5:05  Photon Cannon  
  51  5:09  Photon Cannon  
  51  5:12  Probe  
  51  5:15  Blink  
  52  5:24  Probe, Immortal  
  57  5:39  Pylon  
  57  5:41  Shield Battery  
  57  5:49  Stalker  
  59  5:50  Stalker x2  
  63  5:58  Stargate  
  63  6:03  Pylon  
  63  6:04  Observer  
  60  6:11  Shield Battery  
  60  6:15  Photon Cannon  
  57  6:32  Stalker x3  
  56  6:42  Immortal  
  56  6:43  Void Ray  
  62  6:58  Gateway  
  62  7:03  Pylon  
  62  7:08  Photon Cannon  
  62  7:10  Gateway  
  62  7:12  Pylon  
  62  7:14  Charge  
  62  7:17  Stalker  
  62  7:18  Stalker x2  
  68  7:38  Nexus  
  68  7:40  Void Ray  
  72  7:47  Pylon  
  72  7:51  Immortal  
  72  7:53  Pylon  
  72  7:57  Stargate  
  76  8:09  Robotics Bay  
  76  8:14  Photon Cannon  
  76  8:15  Void Ray  
  76  8:16  Protoss Ground Weapons Level 1  
  80  8:39  Photon Cannon  
  80  8:40  Shield Battery  
  80  8:43  Photon Cannon  
  80  8:46  Colossus  
  86  9:09  Void Ray  
  86  9:10  Zealot  
  86  9:11  Zealot x3  
  98  9:33  Colossus  
  98  9:38  Probe  
  105  9:45  Extended Thermal Lance  
  105  9:50  Probe  
  106  10:05  Protoss Ground Armor Level 1  
  104  10:24  Sentry  
  104  10:25  Sentry x4  
  114  10:37  Void Ray x2  
  122  10:53  Dark Shrine  
  122  10:57  Gateway  
  122  10:59  Photon Cannon  
  122  11:02  Gateway  
  122  11:07  Pylon  
  122  11:10  Protoss Air Weapons Level 1  
  122  11:14  Gateway  
  122  11:17  Gateway  
  122  11:30  Colossus  
  122  11:39  Fleet Beacon  
  128  11:47  Assimilator  
  128  11:48  Assimilator  
  128  11:53  Pylon  
  128  11:55  Gravitic Boosters  
  128  12:09  Gateway  
  128  12:14  Dark Templar x5  
  128  12:15  Dark Templar  
  140  12:26  Anion Pulse-Crystals  
  140  12:31  Observer  
  141  12:49  Observer  
  141  12:52  Photon Cannon  
  141  12:56  Photon Cannon  
  142  13:04  Protoss Air Armor Level 1  
  142  13:11  Observer  
  143  13:17  Nexus  
  143  13:19  Protoss Ground Weapons Level 2  
  143  13:20  Cybernetics Core  
  143  13:21  Forge  
  143  13:33  Pylon  
  143  13:45  Pylon  
  143  14:22  Stalker x3  
  143  14:23  Stalker x3  
  143  14:24  Stalker x2  
  159  14:55  Stalker x5  
  169  15:04  Protoss Air Weapons Level 2  
  137  15:41  Zealot x6  
  137  15:42  Zealot x2  
  133  16:10  Stalker  
  133  16:11  Stalker x5  
  135  16:12  Void Ray x2  
  143  16:42  Colossus  
  143  16:50  Void Ray  
  143  16:51  Gravitic Drive, Void Ray  
  157  17:16  Assimilator  
  157  17:19  Assimilator  
  157  17:22  Pylon  
  116  18:08  Stalker x5  
  116  18:09  Stalker x2  
  112  19:25  Stalker x6  
  124  19:40  Nexus  
  124  20:01  Tempest x2  
  124  20:04  Colossus  
  134  20:23  Assimilator  
  134  20:57  Stargate  
  144  20:59  Zealot x4  
  144  21:00  Zealot x3  
Tags
 
Add a new tag
Caveats
  • Supply blocks, unpowered buildings, or Contaminate may cause inaccurate times.
  • Supply counts are checked every 10 seconds.